 Dungeon Crawl Stone Soup version 0.28.0-43-g3370ac3207 (webtiles) character file.

Game seed: 7241979440197295569

6041 OrdinaryStalker the Martial Artist (level 10, -11/70 HPs)
             Began as a Demonspawn Wanderer on Mar 8, 2022.
             Was a High Priest of Okawaru.
             Mangled by a troll (13 damage)
             ... on level 9 of the Dungeon.
             The game lasted 01:01:39 (12743 turns).

OrdinaryStalker the Martial Artist (DsWn)          Turns: 12743, Time: 01:01:43

Health: -11/70     AC:  2    Str: 12      XL:     10   Next: 56%
Magic:  6/13       EV: 17    Int: 17      God:    Okawaru [*****.]
Gold:   596        SH:  0    Dex: 18 (19) Spells: 5/11 levels left

rFire   + . .      SeeInvis .     - Unarmed
rCold   . . .      Faith    .   (shield currently unavailable)
rNeg    . . .      Spirit   .   (armour currently unavailable)
rPois   x          Reflect  .   (helmet currently unavailable)
rElec   .          Harm     .   (cloak currently unavailable)
rCorr   .          Rampage  .   (gloves currently unavailable)
Will    .....                   (boots currently unavailable)
Stlth   ++........              (no amulet)
HPRegen 0.21/turn               A - ring of protection from fire
MPRegen 0.26/turn               (no ring)

@: spider-form, marked
A: venomous fangs, tiny, (claws 1), (slimy green scales 3), magic regeneration,
demonic magic 1
a: End Transformation, Renounce Religion, Heroism, Finesse, Duel


You were on level 9 of the Dungeon.
You worshipped Okawaru.
Okawaru was extremely pleased with you.
You were a venomous arachnid creature.
You visited 1 branch of the dungeon, and saw 10 of its levels.

You collected 596 gold pieces.

Inventory:

Hand Weapons
 m - a +2 vampiric long sword
Missiles
 b - 4 poisoned darts
 f - 203 stones (quivered)
 i - 2 curare-tipped darts
Armour
 d - the +3 robe of the Planets (melded) {+Blink rF++ Dex+3}
   (Okawaru gifted it to you on level 9 of the Dungeon)

   Dex:       It affects your dexterity (+3).
   rF:        It greatly protects you from fire.
   +Blink:    It lets you blink.
 h - a +0 helmet (melded)
 n - +0 steam dragon scales
 o - a +1 chain mail of fire resistance
 v - a +0 pair of gloves
 w - a +0 pair of boots (melded)
 y - the +1 scale mail of the Fife {Harm rElec Regen+ Str-3}
   (You found it on level 5 of the Dungeon)

   Str:       It affects your strength (-3).
   rElec:     It insulates you from electricity.
   Regen:     It increases your rate of health regeneration.
   Harm:      It increases damage dealt and taken.
Jewellery
 z - an amulet of faith
 A - a ring of protection from fire (left front leg)
Wands
 a - a wand of paralysis (15)
 g - a wand of acid (6)
Scrolls
 r - a scroll of magic mapping
 t - 3 scrolls of holy word
 x - 2 scrolls of teleportation
Potions
 c - 4 potions of attraction
 e - 2 potions of curing
 j - a potion of ambrosia
 k - a potion of resistance {unknown}
 p - 2 potions of haste
 u - a potion of mutation {unknown}
 C - a potion of brilliance


   Skills:
 - Level 3.0 Fighting
 - Level 2.0 Throwing
 + Level 5.1 Armour
 * Level 10.3 Unarmed Combat
 - Level 1.0 Spellcasting
 - Level 1.7 Translocations
 - Level 4.1 Transmutations
 + Level 7.6 Poison Magic
 + Level 5.1 Invocations
 + Level 2.0 Evocations


You had 5 spell levels left.
You knew the following spells:

 Your Spells              Type           Power      Damage    Failure   Level
a - Sting                 Tmut/Pois      80%        1d7       8%          1
b - Poisonous Vapours     Pois/Air       26%        N/A       19%         2
c - Spider Form           Tmut/Pois      20%        N/A       17%         3

Your spell library contained the following spells:

 Spells                   Type           Power      Damage    Failure   Level
 Apportation              Tloc           12%        N/A       26%         1
 Passwall                 Tmut/Erth      5%         N/A       32%         2
 Sandblast                Erth           0%         2d4       43%         1
 Gell's Gravitas          Tloc           6%         N/A       52%         3
 Corpse Rot               Necr/Air       0%         N/A       54%         2
 Stone Arrow              Conj/Erth      0%         3d7       75%         3
 Airstrike                Air            0%         N/A       98%         4
 Dispel Undead            Necr           0%         3d6       98%         4
 Lightning Bolt           Conj/Air       0%         1d11      100%        5
 Summon Small Mammal      Summ           Unusable   N/A       N/A         1
 Summon Lightning Spire   Summ/Air       Unusable   N/A       N/A         4
 Death Channel            Necr           Unusable   N/A       N/A         6

Dungeon Overview and Level Annotations

Branches:
Dungeon (10/15)            Temple (0/1) D:6
   Lair: D:8-11         Orc: D:9-12

Altars:
Ashenzari
Dithmenos
Fedhas
Okawaru
Sif Muna
Trog
Uskayaw
Vehumet
Xom
Yredelemnul
Zin
The Shining One


Innate Abilities, Weirdness & Mutations

You are a venomous arachnid creature.
You have poisonous fangs.
You are tiny and dextrous.
Your spellcasting is less reliable in this form.
Your armour is entirely melded.
You are incapable of wielding weapons or throwing items.
((You have sharp fingernails.))
((You are completely covered in slimy green scales. (AC +4, rPois)))
You regenerate magic rapidly.
Spells you cast may paralyse adjacent enemies.


Message History

The troll completely misses you. The quasit closely misses you. x3
Your magical contamination has completely faded away.
The iron imp misses you. The troll closely misses you.
The troll barely misses you. x2
The iron imp sputters.
Things that are here:
+0 steam dragon scales; a steam dragon corpse The killer bee barely misses you.
The killer bee closely misses you. The troll bites you!
The troll closely misses you. The troll claws you.
There is a stone staircase leading up, spattered with blood here.
The killer bee completely misses you.
The kobold demonologist miscasts a cantrip.
The killer bee stings you! The troll bites you! The troll claws you!
* * * LOW HITPOINT WARNING * * *
The troll completely misses you.
You climb upwards.
The quasit disappears in a puff of smoke!
The iron imp disappears in a puff of smoke! x2
There is a stone staircase leading down here.
The kobold demonologist looks satisfied for a moment.
The killer bee barely misses you. The troll bites you!
* * * LOW HITPOINT WARNING * * *
The troll barely misses you. The troll claws you!
* * * LOW HITPOINT WARNING * * *
You feel better. The killer bee stings you.
* * * LOW HITPOINT WARNING * * *
You are lethally poisoned!
The killer bee poisons you!
The kobold demonologist casts a spell.
The killer bee barely misses you. The troll bites you.
* * * LOW HITPOINT WARNING * * *
The troll misses you. x2
Okay, then.
You feel better. The killer bee closely misses you.
The kobold demonologist hits you with a +0 dagger.
* * * LOW HITPOINT WARNING * * *
The killer bee misses you. The troll barely misses you. The troll claws you!
* * * LOW HITPOINT WARNING * * *
The troll claws you!
You die...

#.##.........#.#'#
#.................
#...######........
#...# #...#..#.
#...######......#.
#........##'###...
#..5#....#..#.#...
#yT......####.#.#.
#sK55.......#.#...
#.#..##...#.#.#...
#...........#.'.##
#....##########...
#....#..#..####...
#..#.#..#.....#...
#..#.#..#.....#...
#....#..##.##.'.##
#....#..##.##.#...


You could see a kobold demonologist (very poisoned), a troll, a killer bee, an
iron imp (summoned), a shadow imp (summoned) and an ufetubus (summoned).

Vanquished Creatures
  A two-headed ogre (D:9)
  A tengu warrior (D:9)
  A tengu conjurer (D:9)
  3 yaks (D:8)
  A wyvern (D:8)
  A wraith (D:9)
  3 steam dragons
  An acid dragon (D:9)
  4 water moccasins
  An orc warrior (D:8)
  A black bear (D:5)
  A hornet zombie (D:6)
  A necrophage (D:6)
  3 centaurs
  2 ogres (D:5)
  3 phantoms
  A kobold brigand (D:7)
  A bullfrog (D:8)
  3 scorpions
  A water moccasin skeleton (D:7)
  16 killer bees
  An electric eel (D:6)
  A bullfrog zombie (D:6)
  7 hounds
  A jelly (D:4)
  3 orc priests
  Jessica (D:3)
  6 iguanas
  2 orc wizards
  A scorpion zombie (D:5)
  A hound zombie (D:5)
  8 gnolls
  7 adders
  A white imp (D:5)
  2 ufetubi
  10 dart slugs
  3 worms
  15 orcs
  5 ball pythons
  8 endoplasms
  5 giant cockroaches
  9 goblins
  5 hobgoblins
  2 jackals (D:2)
  5 quokkas
  9 bats
  5 frilled lizards
  11 kobolds
  3 rats
187 creatures vanquished.

Notes
Turn   | Place    | Note
-------+----------+-------------------------------------------
     0 | D:1      | OrdinaryStalker the Demonspawn Wanderer began the quest for
                  | the Orb.
     0 | D:1      | OrdinaryStalker set off with the following items: a +0
                  | dagger, a +0 robe, a potion of attraction; and the
                  | following spells available to memorise: Apportation, Sting,
                  | Passwall, Gell's Gravitas, Spider Form
     0 | D:1      | Reached XP level 1. HP: 18/18 MP: 2/2
     2 | D:1      | Learned a level 1 spell: Sting
   228 | D:1      | Reached skill level 1 in Poison Magic
   253 | D:1      | Gained mutation: You are partially covered in slimy green
                  | scales. (AC +2) [demonic ancestry]
   253 | D:1      | Reached XP level 2. HP: 20/24 MP: 0/3
   662 | D:1      | Found a faded altar of an unknown god.
   725 | D:1      | Prayed at the altar of an unknown god.
   725 | D:1      | Became a worshipper of Warmaster Okawaru
   725 | D:1      | Reached * piety under Okawaru
  1162 | D:2      | Reached XP level 3. HP: 29/29 MP: 4/4
  1875 | D:2      | Learned a level 2 spell: Poisonous Vapours
  1996 | D:2      | Gained mutation: You have sharp fingernails. [demonic
                  | ancestry]
  1996 | D:2      | Reached XP level 4. HP: 35/35 MP: 5/5
  2631 | D:3      | Found a bloodstained altar of Trog.
  2637 | D:3      | Found a shimmering blue altar of Sif Muna.
  2637 | D:3      | Noticed Jessica
  2639 | D:3      | Killed Jessica
  2645 | D:3      | Got Sif Muna's Incunabulum of the Entourage
  2794 | D:3      | Gained mutation: You are mostly covered in slimy green
                  | scales. (AC +3) [demonic ancestry]
  2794 | D:3      | Reached XP level 5. HP: 41/41 MP: 4/6
  2905 | D:3      | Found a broken altar of Ashenzari.
  2914 | D:3      | Found a hide-covered altar of Uskayaw.
  3085 | D:3      | Reached skill level 1 in Unarmed Combat
  3701 | D:4      | Gained mutation: Spells you cast may paralyse adjacent
                  | enemies. [demonic ancestry]
  3701 | D:4      | Reached XP level 6. HP: 47/47 MP: 2/7
  4165 | D:5      | Entered Level 5 of the Dungeon
  4451 | D:5      | Found a blossoming altar of Fedhas.
  4506 | D:4      | Reached ** piety under Okawaru
  4507 | D:4      | Reached skill level 2 in Unarmed Combat
  4669 | D:4      | Learned a level 3 spell: Spider Form
  5010 | D:5      | Identified the +1 scale mail of the Fife {Harm rElec Regen+
                  | Str-3}
  5261 | D:5      | Reached skill level 3 in Unarmed Combat
  5261 | D:5      | Reached skill level 5 in Poison Magic
  5261 | D:5      | Gained mutation: You are completely covered in slimy green
                  | scales. (AC +4, rPois) [demonic ancestry]
  5261 | D:5      | Reached XP level 7. HP: 52/52 MP: 0/8
  5757 | D:5      | Reached skill level 4 in Unarmed Combat
  5933 | D:5      | Found a shimmering altar of Xom.
  6327 | D:6      | Reached *** piety under Okawaru
  6565 | D:6      | Reached skill level 5 in Unarmed Combat
  6565 | D:6      | Reached XP level 8. HP: 35/58 MP: 7/9
  6904 | D:6      | Reached skill level 6 in Unarmed Combat
  7632 | D:6      | Found a staircase to the Ecumenical Temple.
  7814 | D:7      | Reached skill level 7 in Unarmed Combat
  7818 | D:7      | Reached **** piety under Okawaru
  7828 | D:7      | Reached skill level 1 in Armour
  8141 | D:7      | Gained mutation: You regenerate magic rapidly. [demonic
                  | ancestry]
  8141 | D:7      | Reached XP level 9. HP: 33/63 MP: 6/10
  8433 | D:7      | HP: 2/63 [kobold brigand/+0 whip (4)]
  8437 | D:7      | Reached skill level 8 in Unarmed Combat
  9175 | D:8      | Found a radiant altar of Vehumet.
  9510 | D:8      | Found a shadowy altar of Dithmenos.
  9765 | D:8      | Reached skill level 9 in Unarmed Combat
  9765 | D:8      | Reached skill level 1 in Invocations
 10051 | D:8      | Found a basalt altar of Yredelemnul.
 10130 | D:8      | Reached ***** piety under Okawaru
 10520 | D:9      | Noticed a tengu warrior
 10579 | D:9      | Reached XP level 10. HP: 57/70 MP: 8/12
 10707 | D:9      | Noticed a two-headed ogre
 10722 | D:9      | Killed a two-headed ogre
 10722 | D:9      | Identified the +3 robe of the Planets {+Blink rF++ Dex+3}
                  | (Okawaru gifted it to you on level 9 of the Dungeon)
 10722 | D:9      | Received a gift from Okawaru
 11581 | D:9      | Killed a tengu warrior
 11582 | D:9      | Reached skill level 10 in Unarmed Combat
 11582 | D:9      | Reached skill level 1 in Evocations
 11823 | D:9      | Reached skill level 5 in Armour
 12243 | D:9      | Reached skill level 5 in Invocations
 12630 | D:10     | Entered Level 10 of the Dungeon
 12741 | D:9      | HP: 2/70 [troll (10)]
 12743 | D:9      | Mangled by a troll

Illustrated notes

Levels and vault maps discovered:
D:1:      nicolae_arrival_memento_mori, layout_loops_ring,
          basic_ecumenical_altar, serial_glass, glass_columns_b, glass_columns_b
D:2:      layout_basic
D:3:      minmay_angry_zag, layout_rooms, nzn_overflow_gifts_of_might_and_magic,
          mainiacjoe_overflow_swirl
D:4:      layout_basic
D:5:      layout_rooms, kennysheep_mini_moat, lemuel_doored_altar,
          kennysheep_mini, serial_glass, glass_columns_a, glass_columns_a,
          glass_columns_a, glass_columns_a, glass_columns_b, glass_columns_a,
          amcnicky_mini_corridor_feature, minmay_fractal_squares_gapless_5
D:6:      kennysheep_slugbush, layout_rooms, minmay_temple_entry_poolview
D:7:      layout_basic, old_standard_altar, kennysheep_decorative_pillar,
          minmay_misc_feat_ornament
D:8:      layout_rooms, yredelemnul_altar_generic, amcnicky_altar_gilded,
          grunt_dithmenos_shadows
D:9:      layout_stronghold
D:10:     layout_rooms, old_standard_altar, lair_entry_dummy,
          gammafunk_ghost_icy

Skill      XL: |  1  2  3  4  5  6  7  8  9 10 |
---------------+-------------------------------+-----
Poison Magic   | 1 2 3 4 5 6 7 |  7.6
Transmutations | 3 4 |  4.1
Unarmed Combat | 1 3 5 7 9 10 | 10.3
Throwing       | 2 |  2.0
Armour         | 1 4 5 |  5.1
Invocations    | 3 5 |  5.1
Evocations     | 2 |  2.0
Fighting       | |  3.0
Spellcasting   | |  1.0
Translocations | |  1.7

Action                   |  1- 3 |  4- 6 |  7- 9 | 10-12 || total
-------------------------+-------+-------+-------+-------++-------
Melee: Dagger            |    60 |       |       |       ||    60
       Long sword        |    23 |   114 |   102 |       ||   239
       Punch             |       |     2 |    11 |     2 ||    15
       Unarmed           |       |       |   177 |    63 ||   240
Throw: Stone             |    85 |    73 |    18 |       ||   176
 Cast: Sting             |    35 |    63 |    74 |    10 ||   182
       Poisonous Vapours |       |    12 |    63 |    17 ||    92
       Spider Form       |       |       |     9 |     6 ||    15
  Use: Scroll            |       |     3 |     8 |       ||    11
       Potion            |       |     1 |     1 |     2 ||     4
 Stab: Distracted        |       |     1 |       |       ||     1
       Paralysed         |       |     8 |    62 |     8 ||    78
       Sleeping          |       |       |     1 |       ||     1
Armor: Robe              |    31 |    65 |    77 |    10 ||   183
       Steam dragon scal |       |       |    39 |    13 ||    52
       Skin              |       |       |     2 |     4 ||     6
Dodge: Dodged            |    57 |   103 |   166 |    76 ||   402
